 Dungeon Crawl Stone Soup version 0.28.0-53-g5a82cb258f (webtiles) character file.

Game seed: 11053485479493074901

94 Peloso the Covered (level 4, -1/40 HPs)
             Began as a Minotaur Fighter on May 29, 2022.
             Killed by nerve-wracking pain
             ... invoked by Grinder
              (4 damage)
             ... while paralysed by Grinder
             ... on level 3 of the Dungeon.
             The game lasted 00:03:53 (2223 turns).

Peloso the Covered (Minotaur Fighter)               Turns: 2223, Time: 00:03:53

Health: -1/40      AC:  8    Str: 21    XL:     4   Next: 38%
Magic:  3/3        EV:  2    Int:  5    God:
Gold:   82         SH:  0    Dex: 11    Spells: 3/3 levels left

rFire   . . .      SeeInvis .   a - +0 long sword
rCold   . . .      Faith    .   c - +0 buckler
rNeg    . . .      Spirit   .   b - +0 scale mail
rPois   .          Reflect  .   (helmet restricted)
rElec   .          Harm     .   h - +0 cloak
rCorr   .          Rampage  .   (no gloves)
Will    .....                   (no boots)
Stlth   ..........              (no amulet)
HPRegen 0.13/turn               (no ring)
MPRegen 0.08/turn               (no ring)

@: paralysed
A: horns 2, retaliatory headbutt
a: no special abilities


You were on level 3 of the Dungeon.
You visited 1 branch of the dungeon, and saw 3 of its levels.

You collected 82 gold pieces.

Inventory:

Hand Weapons
 a - a +0 long sword (weapon)
Armour
 b - a +0 scale mail (worn)
 c - a +0 buckler (worn)
 h - a +0 cloak (worn)
Scrolls
 f - 2 scrolls of magic mapping {unknown}
 g - a scroll of torment {unknown}
 j - a scroll of immolation {unknown}
 k - a scroll of blinking {unknown}
 l - a scroll of identify {unknown}
Potions
 d - a potion of might
 e - a potion of haste {unknown}
 i - a potion of curing


   Skills:
 + Level 4.1 Fighting
 + Level 3.6 Long Blades
 + Level 4.7 Armour
 + Level 0.5 Dodging
 + Level 4.1 Shields


You had 3 spell levels left.
You didn't know any spells.
Your spell library was empty.

Dungeon Overview and Level Annotations

Branches:
Dungeon (3/15)

Altars:
Fedhas

Annotations:
D:3 Grinder


Innate Abilities, Weirdness & Mutations

You have a pair of horns on your head.
You reflexively headbutt those who attack you in melee.


Message History

Grinder hits you.
* * * LOW HITPOINT WARNING * * *
Grinder hits you but does no damage.
Grinder grins, showing sharp teeth.
Grinder barely misses you.
You can move again.
You closely miss Grinder.
Grinder is severely wounded.
Grinder hits you but does no damage.
Unknown command.
You barely miss Grinder.
Grinder is severely wounded.
Grinder hits you but does no damage.
Unknown command.
You hit Grinder but do no damage.
Grinder is severely wounded.
Grinder closely misses you. Grinder gestures at you.
You resist with significant effort.
Unknown command.
You hit Grinder. Your headbutt misses Grinder.
Grinder is severely wounded.
Grinder gestures at you. You resist with significant effort.
You hit Grinder.
Grinder is almost dead.
Grinder blinks!
Grinder blinks!
You hit Grinder but do no damage.
Grinder is severely wounded.
Grinder blinks!
Grinder gestures at you.
You suddenly lose the ability to move!
Grinder hits you.
* * * LOW HITPOINT WARNING * * *
Grinder hits you!
* * * LOW HITPOINT WARNING * * *
Grinder gestures at you. Pain shoots through your body!
You die...

#.## ####.## #.#
#.....#
#######.####.....# ..
...........#.....#
....#####.....#>..(.#
##...........#.....#
.######.#.....#.....#
.# ##..#######..^..#
##..#########@.###
#..###.......5.#
####.#.#..#####...#
#.....⌠..## #..##
#.##.....## #.##
..#.⌠...⌠.# #.
..........## ..
†##...>....# ..
..#........#


You could see Grinder.

Vanquished Creatures
  3 adders
  A worm (D:2)
  5 ball pythons
  7 endoplasms
  6 giant cockroaches
  4 goblins
  7 hobgoblins
  4 jackals (D:2)
  8 kobolds
  2 quokkas
  6 bats
  2 frilled lizards (D:1)
  2 rats (D:2)
57 creatures vanquished.

Notes
Turn   | Place    | Note
-------+----------+-------------------------------------------
     0 | D:1      | Peloso the Minotaur Fighter began the quest for the Orb.
     0 | D:1      | Reached XP level 1. HP: 19/19 MP: 0/0
   181 | D:1      | Reached XP level 2. HP: 27/27 MP: 1/1
   234 | D:1      | Found a faded altar of an unknown god.
   556 | D:1      | Reached XP level 3. HP: 27/33 MP: 2/2
  1527 | D:2      | Reached XP level 4. HP: 39/40 MP: 3/3
  1651 | D:2      | Found a blossoming altar of Fedhas.
  2185 | D:3      | Noticed Grinder
  2187 | D:3      | Paralysed by Grinder for 3 turns
  2204 | D:3      | Paralysed by Grinder for 5 turns
  2219 | D:3      | Paralysed by Grinder for 6 turns
  2223 | D:3      | Killed from afar by Grinder

Illustrated notes

Levels and vault maps discovered:
D:1:      dpeg_arrival_shrine, layout_basic,
          hellmonk_ecumenical_altar_crossroads, st_stairs_7
D:2:      layout_loops_corners, basic_altar
D:3:      layout_rooms, grunt_ministairs_2, uniq_grinder

Skill      XL: |  1  2  3 |
---------------+----------+-----
Armour         | 4 |  4.7
Fighting       | 4 |  4.1
Shields        | 4 |  4.1
Long Blades    | 3 |  3.6
Dodging        | |  0.5

Action                   |  1- 3 |  4- 6 || total
-------------------------+-------+-------++-------
Melee: Long sword        |    86 |    49 ||   135
       Headbutt          |     9 |     8 ||    17
Armor: Scale mail        |    51 |    25 ||    76
Dodge: Dodged            |    47 |    17 ||    64
Block: Buckler           |    27 |    11 ||    38
